 Dungeon Crawl Stone Soup version 0.21.1-1-g345015f (webtiles) character file.

681 Dfrag the Conjurer (level 7, -1/55 HPs)
             Began as a Naga Conjurer on Feb 10, 2018.
             Was a Believer of Makhleb.
             Slain by a phantom (6 damage)
             ... on level 5 of the Dungeon.
             The game lasted 00:09:00 (4295 turns).

Dfrag the Conjurer (Naga Conjurer)                  Turns: 4295, Time: 00:09:02

Health: -1/55      AC:  3    Str: 10    XL:     7   Next: 61%
Magic:  0/15       EV: 10    Int: 18    God:    Makhleb [**....]
Gold:   269        SH:  0    Dex: 11    Spells: 7/17 levels left

rFire    . . .     SeeInvis +   (no weapon)
rCold    . . .     Gourm    .   (no shield)
rNeg     . . .     Faith    .   a - +0 robe
rPois    +         Spirit   .   (no helmet)
rElec    .         Reflect  .   (no cloak)
rCorr    .         Harm     .   (no gloves)
MR       .....                  (no barding)
Stlth    ++........             (no amulet)
HPRegen  0.18/turn              (no ring)
MPRegen  0.14/turn              (no ring)

@: very slow
A: large, see invisible, deformed body, poison resistance, slowness 2, slow
metabolism 1, spit poison 1, AC +2
a: Spit Poison, Minor Destruction, Renounce Religion


You were on level 5 of the Dungeon.
You worshipped Makhleb.
Makhleb was pleased with you.
You were not hungry.

You visited 1 branch of the dungeon, and saw 5 of its levels.
You also visited: Sewer.

You collected 269 gold pieces.

Inventory:

Armour
 a - a +0 robe (worn)
Jewellery
 f - a cursed -3 ring of strength {unknown}
Scrolls
 h - 3 scrolls of identify {unknown}
 l - a scroll of blinking {unknown}
 m - a scroll of random uselessness {unknown}
 n - a scroll of enchant armour {unknown}
 o - a scroll of magic mapping {unknown}
 p - 2 scrolls of fog {unknown}
 q - 2 scrolls of remove curse {unknown}
 r - 3 scrolls of teleportation
 w - 2 scrolls of amnesia {unknown}
Potions
 d - 5 potions of flight
 e - a potion of resistance {unknown}
 g - 2 potions of brilliance {unknown}
 i - 3 potions of lignification {unknown}
 k - a potion of magic {unknown}
 t - 2 potions of heal wounds {unknown}
 u - a potion of haste {unknown}
 v - 3 potions of agility {unknown}
Books
 b - a book of Conjurations

   Spells                             Type                      Level
   a - Magic Dart                     Conjuration                  1
   b - Searing Ray                    Conjuration                  2
   c - Dazzling Spray                 Conjuration/Hexes            3
   d - Fulminant Prism                Conjuration/Hexes            4
   e - Force Lance                    Conjuration/Translocation    4
   f - Iskenderun's Mystic Blast      Conjuration                  4
 j - a book of Minor Magic

   Spells                             Type                      Level
   a - Magic Dart                     Conjuration                  1
   b - Blink                          Translocation                2
   c - Call Imp                       Summoning                    2
   d - Slow                           Hexes                        2
   e - Conjure Flame                  Conjuration/Fire             3
   f - Mephitic Cloud                 Conjuration/Poison/Air       3
 s - a book of Changes

   Spells                             Type                      Level
   a - Beastly Appendage              Transmutation                1
   b - Sticks to Snakes               Transmutation                2
   c - Spider Form                    Transmutation/Poison         3
   d - Ice Form                       Ice/Transmutation            4
   e - Blade Hands                    Transmutation                5
Comestibles
 c - 7 rations
 x - 3 chunks of flesh


   Skills:
 - Level 1.5 Dodging
 - Level 3.0 Stealth
 + Level 5.5 Spellcasting
 + Level 7.0 Conjurations


You had 7 spell levels left.
You knew the following spells:

 Your Spells              Type           Power        Failure   Level  Hunger
a - Magic Dart            Conj           ####         1%          1    None
b - Searing Ray           Conj           ####..       1%          2    None
c - Iskenderun's Mystic   Conj           ####....     7%          4    ####...
d - Mephitic Cloud        Conj/Pois/Air  ##......     14%         3    ##.....


Dungeon Overview and Level Annotations

Branches:
Dungeon (5/15)
 Temple: D:4-7

Altars:
Dithmenos
Elyvilon
Hepliaklqana
Makhleb
Nemelex Xobeh
Okawaru
Ru
Wu Jian
Xom
Yredelemnul
Zin


Innate Abilities, Weirdness & Mutations

You cannot wear boots.
Your serpentine skin is tough. (AC +2)
You have supernaturally acute eyesight. (SInv)
Armour fits poorly on your strangely shaped body.
Your system is resistant to poisons. (rPois)
You cover ground very slowly.
You have a slow metabolism.
You can spit poison.


Message History

Aim: a phantom (almost destroyed)
The magic dart hits the phantom.
The phantom is almost destroyed.
The phantom blinks!
Unknown command.
The phantom blinks!
The phantom barely misses you.
Casting: Magic Dart
Confirm with . or Enter, or press ? or * to list all spells.
Aiming: Magic Dart
Press: ? - help, Shift-Dir - straight line, f/p - phantom
Aim: a phantom (almost destroyed)
The magic dart hits the phantom.
The phantom is almost destroyed.
The phantom barely misses you.
Unknown command.
You barely miss the phantom.
The phantom is almost destroyed.
The phantom hits you.
You die...

###'########'###
#..............#
#..............#
#.........W....#
#..............#
#######.########..##
....###.###########.
#...........>...#.
#@W.............#
#...............#
#.........ยง.....#
#+###+#####.....#
.##### .# .# .# ##


You could see a phantom.

Vanquished Creatures
  An orc warrior (D:4)
  A phantom (D:5)
  A howler monkey (D:5)
  2 hounds
  3 orc wizards
  An orc priest (D:4)
  A bullfrog skeleton (D:4)
  A worker ant (D:5)
  A merfolk avatar (Sewer)
  A merfolk siren (Sewer)
  A gnoll (D:1)
  A river rat (Sewer)
  5 adders
  3 oozes
  A dart slug (D:1)
  3 worms
  4 leopard geckos
  9 orcs
  8 ball pythons
  8 bats
  8 giant cockroaches
  3 goblins
  6 hobgoblins
  8 kobolds
  11 frilled lizards
  A quokka skeleton (D:4)
  30 rats
123 creatures vanquished.

Notes
Turn   | Place    | Note
-------+----------+-------------------------------------------
     0 | D:1      | Dfrag the Naga Conjurer began the quest for the Orb.
     0 | D:1      | Reached XP level 1. HP: 15/15 MP: 3/3
    33 | D:1      | Reached XP level 2. HP: 3/22 MP: 0/5
   532 | D:1      | Reached XP level 3. HP: 5/28 MP: 0/7
   536 | D:1      | Learned a level 2 spell: Searing Ray
  1178 | D:2      | Reached XP level 4. HP: 31/36 MP: 3/8
  1434 | D:2      | Found a burning altar of Makhleb.
  1454 | D:2      | Reached skill level 5 in Conjurations
  1475 | D:2      | Became a worshipper of Makhleb the Destroyer
  1549 | D:2      | Found a shimmering altar of Xom.
  1758 | D:3      | Reached XP level 5. HP: 23/42 MP: 1/10
  2009 | D:3      | Found a sacrificial altar of Ru.
  2009 | D:3      | Found a hazy altar of Hepliaklqana.
  2096 | D:3      | Found a glowing drain.
  2112 | Sewer    | Entered a sewer
  2118 | Sewer    | Learned a level 4 spell: Iskenderun's Mystic Blast
  2132 | Sewer    | Learned a level 3 spell: Mephitic Cloud
  2134 | Sewer    | Reached * piety under Makhleb
  2325 | Sewer    | Reached XP level 6. HP: 49/49 MP: 2/12
  2339 | Sewer    | Reached ** piety under Makhleb
  3038 | D:4      | Found an ornate altar of the Wu Jian Council.
  3038 | D:4      | Found a white marble altar of Elyvilon.
  3043 | D:4      | Found a glowing silver altar of Zin.
  3045 | D:4      | Found an iron altar of Okawaru.
  3047 | D:4      | Found a basalt altar of Yredelemnul.
  3127 | D:4      | Noticed an orc warrior
  3263 | D:4      | Killed an orc warrior
  3263 | D:4      | Reached skill level 6 in Conjurations
  3504 | D:4      | Reached XP level 7. HP: 53/55 MP: 7/14
  3683 | D:4      | Reached skill level 5 in Spellcasting
  3890 | D:4      | Found a sparkling altar of Nemelex Xobeh.
  4129 | D:5      | Entered Level 5 of the Dungeon
  4191 | D:5      | Found a shadowy altar of Dithmenos.
  4203 | D:5      | Reached skill level 7 in Conjurations
  4279 | D:5      | HP: 1/55 [phantom (3)]
  4295 | D:5      | Slain by a phantom

Skill      XL: |  1  2  3  4  5  6  7 |
---------------+----------------------+-----
Spellcasting   | 3 4 5 |  5.5
Conjurations   | 5 6 7 |  7.0
Dodging        | |  1.5
Stealth        | |  3.0

Action                   |  1- 3 |  4- 6 |  7- 9 || total
-------------------------+-------+-------+-------++-------
Melee: Unarmed           |     9 |    62 |     7 ||    78
 Cast: Magic Dart        |    39 |   141 |    47 ||   227
       Searing Ray       |     1 |     6 |     5 ||    12
       Mephitic Cloud    |       |     2 |       ||     2
       Iskenderun's Myst |       |     1 |       ||     1
 Abil: Spit Poison       |    15 |    26 |     3 ||    44
  Eat: Chunk             |     1 |     6 |     2 ||     9
       Ration            |       |     1 |       ||     1
Armor: Robe              |     8 |    35 |     4 ||    47
Dodge: Dodged            |    20 |    75 |     8 ||   103
